 Dungeon Crawl Stone Soup version 0.30-a0-989-g0d87f670db (webtiles) character file.

Game seed: 16756346350446753410

10485 bmack86 the Cleaver (level 11, -9/97 HPs)
             Began as a Minotaur Fighter on Apr 3, 2023.
             Was a Priest of Okawaru.
             Mangled by jtron's ghost (14 damage)
             ... on level 10 of the Dungeon.
             The game lasted 00:22:52 (11856 turns).

bmack86 the Cleaver (Minotaur Fighter)             Turns: 11856, Time: 00:22:53

Health: -9/97      AC: 29    Str: 24    XL:     11   Next: 36%
Magic:  0/22       EV:  7    Int:  5    God:    Okawaru [***...]
Gold:   828        SH: 10    Dex: 11    Spells: 10/10 levels left

rFire   . . .      SeeInvis .    a - +1 war axe (protect)
rCold   . . .      Faith    .    m - +0 kite shield
rNeg    . . .      Spirit   +    N - +4 chain mail
rPois   +          Reflect  .    (helmet restricted)
rElec   .          Rampage  .    w - +2 cloak {rPois}
rCorr   .                        (no gloves)
Will    .....                    q - +2 pair of boots Stlth
                                 F - amulet of guardian spirit
HPRegen 0.36/turn                y - ring of flight
MPRegen 0.18/turn                M - ring of magical power

@: mighty, under a protective aura, flying
A: horns 2, retaliatory headbutt
a: Renounce Religion, Heroism


You were on level 10 of the Dungeon.
You worshipped Okawaru.
Okawaru was most pleased with you.
You visited 2 branches of the dungeon, and saw 11 of its levels.
You also visited: Sewer.

You collected 828 gold pieces.

Inventory:

Hand Weapons
 a - a +1 war axe of protection (weapon)
Missiles
 o - 43 poisoned darts (quivered)
 z - 3 boomerangs
 G - 5 javelins
 O - a curare-tipped dart
Armour
 b - a +0 scale mail
 m - a +0 kite shield (worn)
 q - a +2 pair of boots (worn)
 w - a +2 cloak of poison resistance (worn)
 x - a scarf of resistance
 B - a +0 chain mail
 N - a +4 chain mail (worn)
Jewellery
 f - a ring of positive energy
 y - a ring of flight (left hand)
 C - an amulet of the acrobat
 D - a ring of wizardry
 E - a ring of positive energy
 F - an amulet of guardian spirit (around neck)
 M - a ring of magical power (right hand)
 Q - a +6 ring of intelligence
Wands
 I - a wand of mindburst (15)
 K - a wand of polymorph (3)
 L - a wand of flame (20)
Scrolls
 e - 7 scrolls of teleportation
 g - 3 scrolls of poison
 k - a scroll of enchant weapon
 s - a scroll of magic mapping
 t - a scroll of fear
 J - a scroll of silence
 P - a scroll of amnesia
Potions
 c - a potion of ambrosia
 d - 3 potions of might
 h - 3 potions of invisibility
 i - 8 potions of curing
 j - a potion of berserk rage
 l - 3 potions of lignification
 n - a potion of brilliance
 p - 2 potions of haste
 r - 2 potions of degeneration
 u - 2 potions of mutation {unknown}
 v - a potion of attraction
 A - 2 potions of resistance
 H - 2 potions of heal wounds {unknown}


   Skills:
 + Level 9.3 Fighting
 * Level 12.2 Axes
 + Level 6.7 Throwing
 + Level 9.4 Armour
 + Level 9.2 Shields
 + Level 4.9 Invocations


You had 10 spell levels left.
You didn't know any spells.
Your spell library contained the following spells:

 Spells                   Type           Power      Damage    Failure   Level
 Freeze                   Ice            0%         1d3       100%        1
 Slow                     Hex            0%         N/A       100%        1
 Cigotuvi's Dreadful Rot  Necr/Pois/Air  0%         N/A       100%        2
 Confusing Touch          Hex            0%         N/A       100%        3
 Frozen Ramparts          Ice            0%         1d1       100%        3
 Hailstorm                Conj/Ice       0%         3d3       100%        3
 Kindle Blastsparks       Fire/Tloc/Air  0%         2d10      100%        3
 Vampiric Draining        Necr           0%         2d6       100%        3
 Dispel Undead            Necr           0%         3d6       100%        4
 Fulminant Prism          Conj/Hex       0%         3d5       100%        4
 Ice Form                 Ice/Tmut       0%         N/A       100%        4
 Iskenderun's Mystic Bla  Conj/Tloc      0%         2d3       100%        4
 Lee's Rapid Deconstruct  Erth           0%         3d4*      100%        5
 Chain Lightning          Conj/Air       0%         N/A       100%        9
 Fire Storm               Conj/Fire      0%         5d1       100%        9
 Shatter                  Erth           0%         3d5*      100%        9
 Summon Ice Beast         Ice/Summ       Unusable   N/A       N/A         4
 Death Channel            Necr           Unusable   N/A       N/A         6

Dungeon Overview and Level Annotations

Branches:
Dungeon (10/15)            Temple (1/1) D:7            Lair (0/5) D:8
  Sewer (visited)
    Orc: D:9-12

Altars:
Ashenzari
Cheibriados
Dithmenos
Elyvilon
Fedhas
Gozag
Hepliaklqana
Kikubaaqudgha
Makhleb
Nemelex Xobeh
Okawaru
Qazlal
Ru
Sif Muna
Trog
Uskayaw
Vehumet
Wu Jian
Xom
Yredelemnul
Zin
The Shining One

Shops:
D:10 *

Annotations:
D:8 1 runed translucent door, grumposus's ghost, novice OpTm
D:10 jtron's ghost, novice OgMo


Innate Abilities, Weirdness & Mutations

You have a pair of horns on your head.
You reflexively headbutt those who attack you in melee.


Message History

Jtron's ghost is healed by the life force!
You hit jtron's ghost.
Jtron's ghost is severely damaged.
You hit jtron's ghost but do no damage.
Jtron's ghost is severely damaged.
Jtron's ghost draws life force from you!
Jtron's ghost is healed by the life force!
You slash jtron's ghost!
Jtron's ghost is severely damaged.
Your hands slow down.
You slash jtron's ghost!
Jtron's ghost is almost destroyed.
You block jtron's ghost's attack.
You slash jtron's ghost!
Jtron's ghost is almost destroyed.
Jtron's ghost hits you!
You hit jtron's ghost. You headbutt jtron's ghost.
Jtron's ghost is almost destroyed.
Jtron's ghost draws life force from you!!
* * * LOW HITPOINT WARNING * * *
Jtron's ghost is healed by the life force!
You hit jtron's ghost.
Jtron's ghost is almost destroyed.
Jtron's ghost draws life force from you!
* * * LOW HITPOINT WARNING * * *
Jtron's ghost is healed by the life force!
You hit jtron's ghost but do no damage. Your headbutt misses jtron's ghost.
Jtron's ghost is severely damaged.
Jtron's ghost draws life force from you!
* * * LOW HITPOINT WARNING * * *
Jtron's ghost is healed by the life force!
You feel very mighty all of a sudden.
Jtron's ghost hits you but does no damage.
You hit jtron's ghost.
Jtron's ghost is severely damaged.
Jtron's ghost hits you but does no damage.
You slice jtron's ghost!!
Jtron's ghost is almost destroyed.
Jtron's ghost hits you!
You die...

..........#.........###########..
..........#.........##........#..
..........#.........##........#..
.###......#.........##........#..
.###......#.........##........#..
..........######....##........#..
########..##.8.##...##........#..
#......'..#.$$$.#.....)).....)#).
#......#.##8$$..@.............)))
#......#.##∩.8_.W...##......###).
#......#.##8$$$$'(..##......#....
#......#..#.$.$$#..#........'..##
#......##.##∩8!##....#.#....#..#
#.......#..#####............#..#
#.......#..........#.#.#....#..##
#.......#.####.....#........#....
#.......#.# #.....#....)...#####


You could see jtron's ghost.

Vanquished Creatures
  Snorg (D:10)
  A two-headed ogre (D:10)
  Lodul (D:10)
  An orc knight (D:8)
  An ugly thing (D:8)
  3 trolls (D:9)
  6 hornets
  A centaur simulacrum (D:10)
  4 shadows
  2 wyverns
  A yak (D:6)
  A basilisk (D:10)
  3 steam dragons
  Edmund (D:5)
  A water moccasin (D:8)
  2 ice beasts (D:7)
  2 orc warriors (D:10)
  A black bear (D:7)
  3 sky beasts
  9 ogres
  6 centaurs
  A phantom (D:4)
  Blork the orc (D:4)
  8 kobold brigands
  4 bullfrogs
  2 howler monkeys (D:8)
  4 hounds
  Crazy Yiuf (D:3)
  2 jellies
  3 orc priests
  An iguana (D:6)
  2 sleepcaps (D:6)
  14 orc wizards
  12 adders
  5 river rats (Sewer)
  3 shadow imps
  2 ufetubi
  3 worms
  2 dart slugs
  36 orcs
  7 ball pythons
  3 bats (D:3)
  9 endoplasms
  5 giant cockroaches
  10 goblins
  8 hobgoblins
  6 jackals
  3 quokkas
  6 frilled lizards
  22 kobolds
  10 rats
246 creatures vanquished.

Vanquished Creatures (others)
  A wizard (D:9)
  2 fungi (D:8)
  38 plants
41 creatures vanquished.

Grand Total: 287 creatures vanquished

Notes
Turn   | Place    | Note
-------+----------+-------------------------------------------
     0 | D:1      | bmack86 the Minotaur Fighter began the quest for the Orb.
     0 | D:1      | Reached XP level 1. HP: 19/19 MP: 0/0
   232 | D:1      | Reached XP level 2. HP: 27/27 MP: 1/1
   269 | D:1      | Reached skill level 3 in Axes
  1195 | D:2      | Reached XP level 3. HP: 26/33 MP: 2/2
  1543 | D:2      | Reached XP level 4. HP: 40/40 MP: 3/3
  1874 | D:3      | Reached skill level 4 in Axes
  1978 | D:3      | Found an ornate altar of the Wu Jian Council.
  1979 | D:3      | Found a radiant altar of Vehumet.
  1981 | D:3      | Found an ancient bone altar of Kikubaaqudgha.
  1981 | D:3      | Found a hide-covered altar of Uskayaw.
  1996 | D:3      | Found a stormy altar of Qazlal.
  2027 | D:3      | Found a glowing drain.
  2077 | Sewer    | Entered a sewer
  2225 | Sewer    | Reached XP level 5. HP: 32/47 MP: 4/4
  2318 | Sewer    | Reached skill level 1 in Throwing
  2527 | Sewer    | Reached skill level 5 in Axes
  2527 | Sewer    | Reached XP level 6. HP: 52/53 MP: 5/5
  2670 | Sewer    | Reached skill level 5 in Armour
  2738 | Sewer    | Reached skill level 5 in Fighting
  2796 | Sewer    | Reached skill level 5 in Shields
  3057 | D:3      | Found a runed translucent door.
  3058 | D:3      | Noticed Crazy Yiuf
  3066 | D:3      | Killed Crazy Yiuf
  3067 | D:3      | Reached XP level 7. HP: 59/61 MP: 6/6
  3508 | D:4      | Reached skill level 6 in Axes
  3863 | D:4      | Found a blossoming altar of Fedhas.
  4187 | D:4      | Found a white marble altar of Elyvilon.
  4187 | D:4      | Found a glowing golden altar of the Shining One.
  4187 | D:4      | Found a glowing silver altar of Zin.
  4434 | D:4      | Noticed Blork the orc
  4442 | D:4      | Killed Blork the orc
  4510 | D:5      | Entered Level 5 of the Dungeon
  4525 | D:5      | Reached skill level 7 in Axes
  4525 | D:5      | Reached XP level 8. HP: 64/70 MP: 7/7
  4536 | D:5      | Noticed Edmund
  4551 | D:5      | Killed Edmund
  4645 | D:5      | Identified the +6 dagger "Miloku Fehi" {protect, rC+}
  4759 | D:5      | Found a hazy altar of Hepliaklqana.
  4945 | D:5      | Found a sparkling altar of Nemelex Xobeh.
  5050 | D:5      | Identified the +4 ring mail "Garynuca" {rF+ rC+ MP+9}
  5688 | D:6      | Reached skill level 8 in Axes
  6388 | D:7      | Reached XP level 9. HP: 71/72 MP: 8/8
  6540 | D:7      | Reached skill level 9 in Axes
  6588 | D:7      | Found a staircase to the Ecumenical Temple.
  6608 | Temple   | Entered the Ecumenical Temple
  6618 | Temple   | Became a worshipper of Warmaster Okawaru
  7253 | D:7      | Reached skill level 1 in Invocations
  7937 | D:8      | Reached * piety under Okawaru
  8012 | D:8      | Found a staircase to the Lair.
  8024 | D:8      | Reached skill level 5 in Throwing
  8167 | D:8      | Found a runed translucent door.
  8180 | D:8      | Noticed grumposus's ghost (novice OpTm)
  8312 | D:8      | Identified the +0 ring mail of Mumblety Peg {Int+6}
  8542 | D:8      | Reached skill level 10 in Axes
  8614 | D:8      | Found a sacrificial altar of Ru.
  8811 | D:8      | Noticed a purple ugly thing
  8826 | D:8      | Killed a purple ugly thing
  8826 | D:8      | Reached ** piety under Okawaru
  8827 | D:8      | Reached XP level 10. HP: 55/88 MP: 4/11
  8932 | D:8      | Noticed an orc knight
  8960 | D:8      | Killed an orc knight
  9708 | D:9      | Paralysed by a hornet for 1 turns
  9905 | D:9      | Reached skill level 11 in Axes
 10035 | D:9      | Reached *** piety under Okawaru
 10165 | D:9      | Paralysed by a hornet for 2 turns
 10313 | D:9      | Found a shadowy altar of Dithmenos.
 10522 | D:9      | Found a bloodstained altar of Trog.
 10523 | D:9      | Noticed a wizard
 10529 | D:9      | Killed a wizard
 10558 | D:10     | Entered Level 10 of the Dungeon
 10850 | D:10     | Found a runed translucent gate.
 10850 | D:10     | Found a runed translucent gate.
 10850 | D:10     | Found a runed translucent gate.
 10851 | D:10     | Found an opulent altar of Gozag.
 10868 | D:10     | Noticed jtron's ghost (novice OgMo)
 10897 | D:10     | Noticed Lodul
 10914 | D:10     | Killed Lodul
 10914 | D:10     | Reached **** piety under Okawaru
 10915 | D:10     | Reached XP level 11. HP: 48/95 MP: 13/13
 11131 | D:10     | Received a gift from Okawaru
 11385 | D:10     | Found Ziaxtax's General Store.
 11487 | D:10     | Noticed a two-headed ogre
 11498 | D:10     | Killed a two-headed ogre
 11499 | D:10     | Reached skill level 12 in Axes
 11566 | D:10     | Noticed Snorg
 11580 | D:10     | Killed Snorg
 11819 | D:10     | Received a gift from Okawaru
 11853 | D:10     | HP: 4/97 [jtron's ghost/vampiric draining (7)]
 11856 | D:10     | Mangled by jtron's ghost

Illustrated notes

Levels and vault maps discovered:
D:1:      spicycebolla_arrival_ecumenical, layout_loops_corners, minmay_cupped
D:2:      layout_loops_ring, minmay_tetromino_i2
D:3:      layout_rooms, grunt_temple_overflow_open, gup_sewer_entry_glass,
          uniq_crazy_yiuf_cottage
D:4:      layout_loops_corners, good_gods_mini_temple, fedhas_altar_2,
          kennysheep_generic_room_12, uniq_blork_the_orc
D:5:      layout_basic, nicolae_hepliaklqana_hippocampus,
          mainiacjoe_overflow_surrounded_room, serial_glass, glass_columns_c,
          glass_columns_b, glass_columns_a, glass_columns_b, glass_columns_b,
          uniq_edmund
D:6:      layout_loops_ring, minmay_small_thing
D:7:      layout_layer_cave, minmay_temple_entry_stoned_glass,
          serial_park_tiny_2
D:8:      cheibrodos_quashed, layout_basic, nicolae_ru_path_of_blood,
          dpeg_oklobed_lair, hellmonk_ghost_big_iron, minmay_three_doors
D:9:      layout_basic, trog_wizard, mainiacjoe_overflow_brackets
D:10:     layout_stronghold, ebering_ghost_gozag, serial_shops, shop,
          serial_glass, glass_columns_a, glass_columns_a, minmay_misc_feat_tiny,
          uniq_lodul, uniq_snorg
Temple:   hellmonk_temple_two_chambers

Skill      XL: |  1  2  3  4  5  6  7  8  9 10 11 |
---------------+----------------------------------+-----
Axes           | 3 4 5 7 8 10 11 12 | 12.2
Armour         | 4 5 6 7 8 9 |  9.4
Fighting       | 4 5 6 7 8 9 |  9.3
Shields        | 4 5 6 7 8 9 |  9.2
Throwing       | 1 2 3 4 5 6 |  6.7
Invocations    | 2 4 |  4.9

Action                     |  1- 3 |  4- 6 |  7- 9 | 10-12 || total
---------------------------+-------+-------+-------+-------++-------
  Melee: War axe           |    73 |   202 |   297 |   254 ||   826
         Headbutt          |     8 |    25 |    50 |    46 ||   129
  Throw: Dart              |       |       |    22 |       ||    22
 Invoke: Heroism           |       |       |     1 |     6 ||     7
         Finesse           |       |       |       |     1 ||     1
    Use: Scroll            |     3 |     3 |    18 |     2 ||    26
         Potion            |       |       |       |     1 ||     1
 Armour: Scale mail        |    28 |    76 |    39 |       ||   143
         Chain mail        |       |       |   171 |   158 ||   329
  Dodge: Dodged            |    38 |    70 |    94 |    80 ||   282
  Block: Buckler           |    15 |       |       |       ||    15
         Kite shield       |     3 |    89 |   165 |   136 ||   393

Table legend: (Time is in decaauts)
 A = Elapsed time spent in this place.
 B = Non-inter-level travel time spent in this place.
 C = Inter-level travel time spent in this place.
 D = Time resting spent in this place.
 E = Time spent auto-exploring this place.
 F = Levels seen in this place.
 G = Mean time per level.
                   A        B        C        D        E       F      G
               +--------+--------+--------+--------+--------+-----+--------+
         Total |  12164 |  11849 |    315 |    125 |   8809 |  12 | 1013.7 |
       Dungeon |  11087 |  10772 |    315 |     15 |   8336 |  10 | 1108.7 |
        Temple |     30 |     30 |      0 |      0 |      0 |   1 |   30.0 |
         Sewer |   1046 |   1046 |      0 |    110 |    473 |   1 | 1046.0 |
               +--------+--------+--------+--------+--------+-----+--------+

Top non-repeatable levels by time:
     D:7: 1523 daAuts
     D:8: 1385 daAuts
     D:9: 1277 daAuts
    D:10: 1275 daAuts
     D:4: 1150 daAuts
     D:1: 1073 daAuts
     D:6: 1068 daAuts
   Sewer: 1046 daAuts
     D:2: 828 daAuts
     D:5: 820 daAuts
     D:3: 684 daAuts
  Temple: 30 daAuts
